Map: King's Cove LE

Players

thugnificent - Winner!

  • Race: Protoss Protoss
  • League: Platinum
  • Spawn Location: 11:00

Parkkatz

  • Race: Zerg Zerg
  • League: Platinum
  • Spawn Location: 5:00

VOD

Have the link to the VOD?

Description

Time

  • Played on: July 3, 2019, 6:18 p.m.
  • Length: 7:34
Show
View Real Time Build Order
Export as new Build Order

thugnificent Protoss - Winner!

Build Orders: 1 Gate Expand 

Get SALT Encoding   

  1  0:00  Probe  
  13  0:09  Probe  
  14  0:18  Pylon  
  14  0:23  Probe  
  15  0:36  Probe  
  15  0:41  Gateway  
  16  0:48  Assimilator  
  16  0:49  Probe  
  17  1:01  Probe  
  17  1:10  Probe  
  19  1:20  Probe  
  20  1:30  Nexus  
  20  1:35  Probe  
  21  1:44  Cybernetics Core  
  21  1:49  Probe  
  22  1:58  Pylon  
  22  2:02  Probe  
  22  2:06  Assimilator  
  23  2:20  Probe  
  23  2:21  Warp Gate  
  23  2:22  Zealot  
  26  2:35  Robotics Facility  
  26  2:37  Probe  
  27  2:46  Probe  
  28  2:51  Zealot  
  28  2:53  Probe  
  30  2:59  Probe  
  30  3:04  Pylon  
  31  3:24  Immortal  
  35  3:36  Adept  
  35  3:37  Probe x2  
  39  3:44  Gateway  
  39  3:46  Twilight Council  
  39  3:49  Probe  
  40  3:58  Probe  
  40  4:02  Pylon  
  41  4:08  Immortal, Probe  
  46  4:12  Resonating Glaives  
  46  4:15  Probe  
  47  4:20  Probe, Adept  
  49  4:27  Probe  
  49  4:30  Probe  
  51  4:34  Gateway  
  52  4:39  Probe  
  52  4:40  Immortal  
  52  4:41  Adept  
  55  4:52  Probe  
  60  4:54  Probe  
  61  5:09  Pylon  
  61  5:11  Pylon  
  61  5:12  Pylon  
  61  5:23  Gateway  
  61  5:25  Warp Prism, Pylon  
  61  5:33  Gateway, Adept x3  
  67  5:38  Probe  
  70  5:55  Adept  
  70  5:56  Adept x2  
  76  6:11  Immortal  
  76  6:25  Nexus  
  80  6:27  Pylon  
  80  6:28  Adept x4  
  88  6:36  Probe x2  
  88  6:39  Pylon  
  90  6:41  Assimilator  
  90  6:45  Assimilator  
  90  6:49  Adept  
  90  6:50  Adept x2  
  90  6:51  Adept  
  94  7:13  Adept x2  
  94  7:14  Adept x3  
  104  7:17  Probe x2  
Show
View Real Time Build Order
Export as new Build Order

Parkkatz Zerg 

Build Orders: Hatch First 

Get SALT Encoding   

  12  0:01  Drone  
  13  0:13  Overlord  
  13  0:19  Drone  
  14  0:32  Drone x2  
  16  0:37  Drone  
  17  0:57  Drone  
  17  0:58  Hatchery  
  17  1:01  Drone  
  18  1:11  Extractor  
  17  1:13  Drone  
  18  1:20  Spawning Pool  
  18  1:24  Drone  
  18  1:30  Drone  
  19  1:41  Overlord  
  19  2:07  Queen  
  21  2:13  Queen  
  23  2:18  Zergling x8  
  23  2:21  Drone  
  28  2:24  Metabolic Boost  
  28  2:34  Drone  
  28  2:35  Drone  
  30  2:48  Zergling x2  
  31  2:52  Drone  
  31  2:53  Drone  
  31  2:56  Hatchery  
  32  3:02  Drone x2  
  32  3:05  Overlord  
  30  3:35  Drone x5  
  30  3:36  Drone x3  
  30  3:38  Extractor  
  30  3:40  Overlord, Extractor  
  36  3:43  Queen  
  36  3:44  Queen  
  40  3:49  Drone  
  41  4:03  Drone  
  41  4:04  Drone x2  
  41  4:09  Zergling x14  
  51  4:19  Drone  
  51  4:20  Drone  
  53  4:26  Drone  
  53  4:28  Queen  
  56  4:36  Drone  
  58  4:38  Drone  
  58  4:42  Overlord x2  
  58  4:54  Queen  
  52  5:04  Drone x5  
  52  5:05  Drone x6  
  63  5:17  Lair  
  63  5:23  Roach Warren  
  63  5:24  Zergling x2  
  63  5:25  Zergling x14  
  70  5:29  Drone, Evolution Chamber  
  70  5:40  Overlord x2  
  70  5:48  Baneling Nest  
  69  5:50  Drone  
  69  5:51  Drone x2, Overlord  
  69  5:54  Spore Crawler  
  69  5:56  Spore Crawler, Drone  
  69  5:57  Drone  
  72  5:59  Drone x3  
  72  6:00  Zergling x2  
  72  6:01  Zergling x2  
  77  6:14  Zergling x2  
  77  6:15  Zergling x16  
  86  6:25  Extractor  
  86  6:26  Extractor  
  84  6:34  Hatchery  
  84  6:38  Drone x4  
  84  6:39  Drone x2  
  89  6:41  Overlord x2  
  89  6:43  Overseer  
  84  6:49  Zergling x2  
  84  6:50  Zergling x8  
  75  6:58  Zergling x10  
  68  7:14  Zergling x2  
  68  7:15  Zergling x16  
Tags
 
Add a new tag
Caveats
  • Supply blocks, unpowered buildings, or Contaminate may cause inaccurate times.
  • Supply counts are checked every 10 seconds.